 Dungeon Crawl Stone Soup version 0.31-a0-150-g89dc3ad700 (webtiles) character file.

Game seed: 8083137671026921953

107 qw the Shooter (level 4, -7/28 HPs)
             Began as a Gargoyle Hunter on June 8, 2023.
             Killed from afar by an orc wizard (9 damage)
             ... with a puff of flame
             ... on level 3 of the Dungeon.
             The game lasted 00:00:52 (2271 turns).

qw the Shooter (Gargoyle Hunter)                    Turns: 2271, Time: 00:00:53

Health: -7/28      AC: 12    Str: 14    XL:     4   Next: 86%
Magic:  4/4        EV: 11    Int: 10    God:
Gold:   173        SH:  5    Dex: 21    Spells: 3/3 levels left

rFire   . . .        Y - +0 shortbow
rCold   . . .        (shield currently unavailable)
rNeg    + . .        j - +0 ring mail
rPois   inf          m - +2 helmet
rElec   +            (no cloak)
rCorr   .            e - +0 pair of gloves
SInv    .            (no boots)
Will    .....        i - amulet of reflection
Stlth   +            c - +6 ring of dexterity
HPRegen 0.24/turn    (no ring)
MPRegen 0.09/turn

%: reflection
@: no status effects
A: sickness immunity, AC +3, negative energy resistance 1, electricity
resistance, torment resistance 1, petrification resistance
a: no special abilities


You were on level 3 of the Dungeon.
You visited 1 branch of the dungeon, and saw 4 of its levels.

You collected 173 gold pieces.


Innate Abilities, Weirdness & Mutations

You are immune to sickness and miasma.
Your stone body is resilient. (AC +3)
You are immune to poison.
You resist negative energy. (rN+)
You are resistant to electric shocks. (rElec)
You are resistant to unholy torment.
You are immune to petrification.


   Skills:
 - Level 3.0 Fighting
 + Level 5.5 Ranged Weapons
 - Level 1.0 Armour
 - Level 1.5 Dodging
 - Level 1.1 Stealth


You had 3 spell levels left.
You didn't know any spells.
Your spell library was empty.

Inventory:

Hand Weapons
 Y - a +0 shortbow (weapon)
Armour
 e - a +0 pair of gloves (worn)
 j - a +0 ring mail (worn)
 m - a +2 helmet (worn)
Jewellery
 c - a +6 ring of dexterity (left hand)
 i - an amulet of reflection (around neck)
Scrolls
 d - a scroll of identify
Potions
 a - a potion of lignification {unknown}
 b - a potion of haste {unknown}
 f - a potion of degeneration {unknown}
 g - a potion of enlightenment {unknown}
 h - a potion of curing {unknown}
 k - a potion of mutation {unknown}
 l - a potion of resistance
 n - a potion of heal wounds {unknown}

Dungeon Overview and Level Annotations

Branches:
Dungeon (4/15)
 Temple: D:4-7

Altars:


Message History

You shoot an arrow. The arrow closely misses the orc.
Something hits you. The orc completely misses you.
Something hits you but does no damage. The orc barely misses you.
You shoot an arrow. The arrow hits the orc.
The orc is severely wounded.
Something hits you but does no damage. You block the orc's attack.
You shoot an arrow. The arrow barely misses the orc.
Something hits you but does no damage. The orc hits you but does no damage.
You shoot an arrow.
The arrow hits the orc but does no damage.
The orc is severely wounded.
Something hits you. The orc closely misses you.
You shoot an arrow.
The arrow hits the orc but does no damage.
The orc is severely wounded.
Something hits you but does no damage. The orc hits you but does no damage.
Something hits you but does no damage. The orc closely misses you.
You shoot an arrow. The arrow hits the orc.
You kill the orc!
You hear some strange, mumbled words.
You are confused.
You shoot an arrow. Something hits you but does no damage.
You shoot an arrow. Something hits you.
You shoot an arrow.
Something hits you but does no damage. x2
You shoot an arrow. Something hits you but does no damage.
You shoot an arrow. Something hits you but does no damage.
You shoot an arrow.
You feel less confused. Something hits you.
You shoot an arrow. Something hits you but does no damage.
You hear some strange, mumbled words.
A puff of flame appears from out of thin air!
The puff of flame hits you!
You die...

.#.#..#.#......#....)...........#
.#.#..#.######.#....###########.#
...#................# #.#
...##.#.######<##.#.###########.#
...................=.............
.............#.##.#.#############
...)............#.#.#
##.######..####)#.#.#
#.#............@{#.#
#.#.#..#.#....)###.#
#.#.#..#.#.###.###.#
#.#.#..#.#.........#
##.#....#.#####.##### ........#.#
#.# .....#..#.# #.# ........#.#
#.# ........#.# #.#


There were no monsters in sight!

Vanquished Creatures
  An orc priest (D:3)
  2 adders
  A worm (D:3)
  4 orcs (D:3)
  7 bats
  3 endoplasms
  3 giant cockroaches
  8 goblins
  5 hobgoblins
  4 ball pythons
  3 frilled lizards
  3 kobolds
  9 rats
53 creatures vanquished.

Notes
Turn   | Place    | Note
-------+----------+-------------------------------------------
     0 | D:1      | qw the Gargoyle Hunter began the quest for the Orb.
     0 | D:1      | Reached XP level 1. HP: 12/12 MP: 1/1
     0 | D:1      | 0 ||| qw: Version: 0.2-a-119-g7aa9181
     0 | D:1      | 0 ||| qw: Game counter: 2886
     0 | D:1      | 0 ||| qw: Always use a shield: true
     0 | D:1      | 0 ||| qw: God list: Okawaru
     0 | D:1      | 0 ||| qw: Allow faded altars: false
     0 | D:1      | 0 ||| qw: Do Orc after D:15 true
     0 | D:1      | 0 ||| qw: Do second Lair branch before Depths: true
     0 | D:1      | 0 ||| qw: Lair rune preference: random
     0 | D:1      | 0 ||| qw: Plans: Normal
     0 | D:1      | 0 ||| PLANNING D:1-11
   163 | D:1      | Reached XP level 2. HP: 17/17 MP: 2/2
   772 | D:1      | 772 ||| UPGRADING to +0 ring mail.
   782 | D:1      | 782 ||| DROPPING +0 leather armour.
   783 | D:1      | 783 ||| UPGRADING to amulet of reflection.
   788 | D:1      | 788 ||| READING scroll labelled NIQOPH HATHRA.
   789 | D:1      | 789 ||| READING 2 scrolls labelled AVOYKLE BIQEA.
   790 | D:1      | 790 ||| READING scroll labelled RIPUWA FAPTIB.
   794 | D:1      | 794 ||| READING scroll labelled PEFFOTE EWIR LEN.
   795 | D:1      | 795 ||| DRINKING 2 red potions.
   796 | D:1      | 796 ||| DROPPING scroll of butterflies.
   797 | D:1      | 797 ||| DROPPING potion of brilliance.
   798 | D:1      | 798 ||| DROPPING scroll of fear.
   855 | D:2      | Reached skill level 1 in Armour
   893 | D:2      | Reached XP level 3. HP: 21/21 MP: 3/3
  1224 | D:2      | Reached skill level 5 in Ranged Weapons
  1411 | D:2      | 1411 ||| UPGRADING to +0 helmet.
  1416 | D:2      | 1416 ||| UPGRADING to +2 helmet.
  1426 | D:2      | 1426 ||| DROPPING +0 helmet.
  1427 | D:2      | 1427 ||| READING scroll labelled LUOTSA ASKIY.
  1428 | D:2      | 1428 ||| READING scroll labelled WUNETS HICA.
  1429 | D:2      | 1429 ||| READING scroll labelled QASIDUSATZ.
  1430 | D:2      | 1430 ||| READING 3 scrolls labelled HAWEDA RAMMU.
  1431 | D:2      | 1431 ||| DRINKING 2 sedimented clear potions.
  1432 | D:2      | 1432 ||| DROPPING 2 scrolls of noise.
  1595 | D:3      | Reached XP level 4. HP: 27/27 MP: 4/4
  1627 | D:3      | Reached skill level 3 in Fighting
  2214 | D:3      | 2214 ||| UPGRADING to +0 pair of gloves.
  2219 | D:3      | 2219 ||| UPGRADING to +6 ring of dexterity.
  2220 | D:3      | 2220 ||| READING scroll labelled GARGHO SUCI.
  2221 | D:3      | 2221 ||| READING scroll labelled JAONLY JUXTES.
  2222 | D:3      | 2222 ||| READING scroll labelled YLEONN UPUROAWNU.
  2245 | D:4      | 2245 ||| STAIRDANCE
  2247 | D:4      | 2247 ||| STAIRDANCE
  2259 | D:3      | HP: 6/28 [something (3)]
  2266 | D:3      | HP: 2/28 [something (3)]
  2271 | D:3      | Killed from afar by an orc wizard

Levels and vault maps discovered:
D:1:      dpeg_arrival_yet_another_circle, layout_basic
D:2:      layout_loops_cross, nicolae_the_louvre
D:3:      layout_basic
D:4:      gammafunk_cloud_chamber, layout_basic, minmay_joined_circles,
          uniq_edmund

Skill      XL: |  1  2  3  4 |
---------------+-------------+-----
Armour         | 1 |  1.0
Ranged Weapons | 5 |  5.5
Fighting       | 3 |  3.0
Dodging        | |  1.5
Stealth        | |  1.1

Action                     |  1- 3 |  4- 6 || total
---------------------------+-------+-------++-------
   Fire: Shortbow          |   118 |    50 ||   168
    Use: Scroll            |     8 |     3 ||    11
         Potion            |     2 |       ||     2
 Armour: Leather armour    |     5 |       ||     5
         Ring mail         |     6 |    28 ||    34
  Dodge: Dodged            |    18 |    13 ||    31
  Block: Other             |    11 |     5 ||    16

Table legend:
 A = Non-vault XP
 B = Vault XP
 C = Vault XP percentage of total XP
 D = Non-vault monster count
 E = Vault monster count
 F = Vault count percentage of total count
                 A         B        C        D         E       F
            +---------+---------+-------+---------+---------+-------
      Total |     154 |       0 |   0.0 |      53 |       0 |   0.0
            +---------+---------+-------+---------+---------+-------
        D:1 |      21 |       0 |   0.0 |      14 |       0 |   0.0
        D:2 |      36 |       0 |   0.0 |      16 |       0 |   0.0
        D:3 |      97 |       0 |   0.0 |      23 |       0 |   0.0
            +---------+---------+-------+---------+---------+-------
